 Dungeon Crawl Stone Soup version 0.28-b1-25-g9875b3fc8c (webtiles) character file.

Game seed: 7436665050378163204

63 Armakuni the Sneak (level 4, 40/40 HPs)
             Began as a Ghoul Delver on Feb 6, 2022.
             Safely got out of the dungeon.
             The game lasted 00:05:01 (1564 turns).

Armakuni the Sneak (Ghoul Delver)                   Turns: 1564, Time: 00:05:02

Health: 40/40      AC:  3    Str: 15    XL:     4   Next: 10%
Magic:  3/3        EV: 12    Int:  7    God:
Gold:   36         SH:  0    Dex: 10    Spells: 3/3 levels left

rFire   . . .      SeeInvis .     - Unarmed
rCold   + . .      Faith    .   (no shield)
rNeg    + + +      Spirit   .   a - +0 leather armour
rPois   ∞          Reflect  .   (no helmet)
rElec   .          Harm     .   (no cloak)
rCorr   .          Rampage  .   (no gloves)
Will    .....                   (no boots)
Stlth   +++.......              (no amulet)
HPRegen 0.13/turn               (no ring)
MPRegen 0.08/turn               (no ring)

@: no status effects
A: claws 1, cold resistance 1, negative energy resistance 3, inhibited
regeneration, torment resistance 2
a: no special abilities


You escaped.
You visited 1 branch of the dungeon, and saw 6 of its levels.

You collected 36 gold pieces.

Inventory:

Hand Weapons
 c - a +2 arbalest of freezing
 g - a +0 flail
Missiles
 f - a javelin (quivered)
Armour
 a - a +0 leather armour (worn)
Wands
 k - a wand of digging (2)
Scrolls
 b - a scroll of fog
 d - 3 scrolls of identify {unknown}
 h - 2 scrolls of vulnerability {unknown}
Potions
 e - a potion of lignification {unknown}
 i - a potion of mutation {unknown}
 j - a potion of invisibility {unknown}
 l - a potion of cancellation {unknown}


   Skills:
 + Level 4.1 Fighting
 + Level 2.6 Dodging
 - Level 5.4 Stealth
 + Level 3.2 Unarmed Combat


You had 3 spell levels left.
You didn't know any spells.
Your spell library contained the following spells:

 Spells                   Type           Power      Damage    Failure   Level
 Summon Guardian Golem    Hex/Summ       0%         N/A       86%         3
 Orb of Destruction       Conj           0%         9d5       100%        7
 Spellforged Servitor     Conj/Summ      0%         N/A       100%        7


Dungeon Overview and Level Annotations

Branches:
Dungeon (6/15)
 Temple: D:4-7

Altars:
Wu Jian

Annotations:
D:4 Eustachio


Innate Abilities, Weirdness & Mutations

You thrive by killing the living.
You are immune to poison.
You have sharp fingernails.
Your flesh is cold resistant. (rC+)
You are immune to negative energy. (rN+++)
You do not regenerate when monsters are visible.
You are immune to unholy pain and torment.


Message History

No target in view!
No target in view!
No target in view!
No target in view!
No target in view!
No target in view!
Things that are here:
a +0 dagger; a goblin corpse You see here a rat corpse.
You open the door.
A goblin comes into view. It is wielding a +0 dagger.
The goblin shouts!
A goblin is nearby!
Found a spear.
There is an open door here.
Found an escape hatch in the floor.
The goblin hits you with a +0 dagger.
You closely miss the goblin. The goblin hits you but does no damage.
You closely miss the goblin. The goblin hits you with a +0 dagger.
You barely miss the goblin. The goblin hits you with a +0 dagger.
You scratch the goblin.
The goblin is severely wounded.
You scratch the goblin.
You kill the goblin!
No target in view!
No target in view!
No target in view!
No target in view!
No target in view!
No target in view!
No target in view!
HP restored.
There is an open door here.
You see here a ball python corpse.
Partly explored, can't reach some places.
You enter the shallow water.
Moving in this stuff is going to be slow.
There is a staircase leading out of the dungeon here.
Are you sure you want to leave the Dungeon?
This will make you lose the game!
You have escaped!

### #@## #..##
## ##...###≈#
#....#≈≈≈#
#####..≈≈≈≈≈≈#
#≈≈≈≈≈≈≈≈≈≈###
#≈≈≈≈≈≈≈≈..##
#≈≈##.......#
## #........##


There were no monsters in sight!

Vanquished Creatures
  3 adders
  An orc (D:4)
  3 endoplasms
  2 giant cockroaches
  4 goblins
  2 hobgoblins (D:4)
  2 jackals (D:2)
  2 quokkas (D:1)
  4 ball pythons
  A bat (D:1)
  A frilled lizard (D:1)
  4 kobolds
  4 rats
33 creatures vanquished.

Notes
Turn   | Place    | Note
-------+----------+-------------------------------------------
     0 | D:5      | Armakuni the Ghoul Delver began the quest for the Orb.
     0 | D:5      | Reached XP level 1. HP: 19/19 MP: 0/0
     6 | D:6      | Noticed a jelly
   201 | D:4      | Noticed a scorpion
   210 | D:4      | Found an ornate altar of the Wu Jian Council.
   230 | D:4      | Noticed a necrophage
   233 | D:4      | Reached XP level 2. HP: 7/26 MP: 1/1
   272 | D:4      | Noticed Eustachio
   289 | D:4      | Noticed an ogre
   705 | D:2      | Reached XP level 3. HP: 33/33 MP: 2/2
  1218 | D:1      | Found a faded altar of an unknown god.
  1404 | D:1      | Reached XP level 4. HP: 40/40 MP: 3/3
  1564 | D:$      | Safely got out of the dungeon.

Illustrated notes

Levels and vault maps discovered:
D:1:      eino_arrival_cavern_b, layout_basic, ebering_ecumenical_altar_webs
D:2:      layout_basic
D:3:      minmay_recursive_quarters, layout_basic, mainiacjoe_overflow_alcove_2
D:4:      layout_rooms, nicolae_wu_jian_wuxing_cycle, grunt_ministairs_15,
          chequers_serial_rivers_micro_d, uniq_blork_the_orc, uniq_eustachio
D:5:      layout_basic, chequers_temple_overflow_statue_of_worship,
          minmay_temple_entry_mist, gammafunk_ghost_nasty_kobolds
D:6:      layout_basic, lightli_orcish_oven

Skill      XL: |  1  2  3 |
---------------+----------+-----
Dodging        | 2 |  2.6
Unarmed Combat | 3 |  3.2
Fighting       | 4 |  4.1
Stealth        | |  5.4

Action                   |  1- 3 |  4- 6 || total
-------------------------+-------+-------++-------
Melee: Unarmed           |    83 |    11 ||    94
       Punch             |     2 |       ||     2
Throw: Javelin           |     4 |       ||     4
Evoke: Wand              |     1 |       ||     1
  Use: Scroll            |     3 |       ||     3
       Potion            |     1 |       ||     1
 Stab: Sleeping          |    10 |     3 ||    13
Armor: Leather armour    |    29 |     1 ||    30
Dodge: Dodged            |    67 |     4 ||    71
